 Dungeon Crawl Stone Soup version 0.25.1-2-g60ff931df9 (webtiles) character file.

Game seed: 6437841349168426245

5319 melloss the Frost Mage (level 10, -3/44 HPs)
             Began as a Spriggan Enchanter on Nov 17, 2020.
             Was a Priest of Makhleb.
             Slain by a troll (4 damage)
             ... on level 9 of the Dungeon on Nov 18, 2020.
             The game lasted 01:00:26 (15261 turns).

melloss the Frost Mage (Spriggan Enchanter)        Turns: 15261, Time: 01:00:26

Health: -3/44      AC: 12    Str:  4    XL:     10   Next: 38%
Magic:  17/17      EV: 23    Int: 17    God:    Makhleb [***...]
Gold:   537        SH:  0    Dex: 19    Spells: 11/17 levels left

rFire    . . .     SeeInvis +   T - +5 dagger (vorpal)
rCold    . . .     Gourm    .   (shield restricted)
rNeg     + . .     Faith    .   G - +2 robe {MR+}
rPois    +         Spirit   .   C - +1 hat
rElec    .         Reflect  .   b - +2 ratskin cloak {+Rats rPois rN+ Str-1 Int-1 Dex+1}
rCorr    .         Harm     .   (gloves unavailable)
MR       ++...                  (boots unavailable)
Stlth    +++++.....             (no amulet)
HPRegen  0.14/turn              c - ring of stealth
MPRegen  0.15/turn              D - +4 ring of protection

@: lightly drained, very quick
A: very small, unfitting armour, see invisible, herbivore, speed 3, slow
metabolism 2
a: Minor Destruction, Lesser Servant of Makhleb, Renounce Religion, Evoke
Ratskin


You were on level 9 of the Dungeon.
You worshipped Makhleb.
Makhleb was most pleased with you.
You were not hungry.

You visited 2 branches of the dungeon, and saw 10 of its levels.
You also visited: Sewer.

You collected 537 gold pieces.

Inventory:

Hand Weapons
 a - a +3 vampiric dagger
 g - a +1 dagger
 m - a +0 hunting sling
 w - a +0 mace of protection
 F - a +1 vorpal mace
 L - a +3 spear
 M - a +0 whip of venom
 O - a +3 spear of freezing
 S - a +3 short sword of freezing
 T - a +5 vorpal dagger (weapon)
Missiles
 j - 37 poisoned darts (quivered)
 r - 71 sling bullets
 J - 2 silver boomerangs
Armour
 b - the +2 ratskin cloak (worn) {+Rats rPois rN+ Str-1 Int-1 Dex+1}
   (You found it on level 5 of the Dungeon)

   It affects your strength (-1).
   It affects your intelligence (-1).
   It affects your dexterity (+1).
   It protects you from poison.
   It protects you from negative energy.
 C - a +1 hat (worn)
 G - a +2 robe of magic resistance (worn)
Jewellery
 c - a ring of stealth (left hand)
 y - an uncursed ring of ice
 D - a +4 ring of protection (right hand)
 N - an uncursed ring of positive energy
Wands
 B - a wand of random effects (11)
 H - a wand of polymorph (4)
 P - a wand of disintegration (1)
 R - a wand of flame (1)
Scrolls
 e - 2 scrolls of identify
 k - 3 scrolls of immolation
 l - 4 scrolls of teleportation
 n - 2 scrolls of remove curse
 p - a scroll of brand weapon
 v - 2 scrolls of amnesia
 z - 2 scrolls of fear
 E - 2 scrolls of random uselessness
 I - 2 scrolls of magic mapping
 Q - a scroll of fog
Potions
 f - a potion of flight
 h - a potion of cancellation
 i - a potion of brilliance {unknown}
 o - a potion of berserk rage {unknown}
 q - a potion of resistance {unknown}
 s - a potion of lignification
 t - a potion of might {unknown}
 u - a potion of mutation {unknown}
 x - 2 potions of haste {unknown}
 A - 2 potions of magic
 K - 2 potions of stabbing {unknown}
Comestibles
 d - 4 rations


   Skills:
 - Level 5.0(4.8) Short Blades
 + Level 7.2(7.1) Dodging
 - Level 8.0(7.8) Stealth
 - Level 4.3(4.2) Spellcasting
 * Level 8.3(8.2) Hexes
 - Level 9.6(9.4) Ice Magic


You had 11 spell levels left.
You knew the following spells:

 Your Spells              Type           Power        Failure   Level  Hunger
a - Corona                Hex            ####...      1%          1    None
b - Ensorcelled Hibernat  Hex/Ice        ####..       1%          2    ##.....
c - Confusing Touch       Hex            ####....     1%          3    ###....

Your spell library contained the following spells:

 Spells                   Type           Power        Failure   Level  Hunger
 Tukima's Dance           Hex            ####....     1%          3    ###....
 Dazzling Flash           Conj/Hex       ###...       9%          3    ###....
 Summon Guardian Golem    Hex/Summ       ###.....     9%          3    ###....
 Summon Small Mammal      Summ           #...         16%         1    None
 Summon Ice Beast         Ice/Summ       ###.....     22%         4    ####...
 Call Imp                 Summ           #.......     24%         2    ##.....
 Call Canine Familiar     Summ           #.......     43%         3    ###....
 Summon Lightning Spire   Summ/Air       #.......     83%         4    ####...


Dungeon Overview and Level Annotations

Branches:
Dungeon (9/15)             Temple (1/1) D:5           Sewer (visited)
   Lair: D:8-11         Orc: D:9-12

Altars:
Ashenzari
Cheibriados
Dithmenos
Elyvilon
Fedhas
Gozag
Hepliaklqana
Kikubaaqudgha
Makhleb
Nemelex Xobeh
Qazlal
Ru
Sif Muna
Trog
Uskayaw
Vehumet
Wu Jian
Xom
Yredelemnul
Zin
The Shining One

Shops:
D:4 !

Annotations:
D:8 Maggie, Maurice


Innate Abilities, Weirdness & Mutations

You are very small and have problems with some larger weapons.
You are too small for most types of armour.
You have supernaturally acute eyesight. (SInv)
You are a herbivore.
You cover ground extremely quickly.
You need to consume almost no food.


Message History

The troll misses you.
The orc warrior hits you with a +0 long sword!
The orc completely misses you. The orc barely misses you.
The adder skeleton misses you.
You climb upwards.
Level annotation: Maggie, Maurice
There is a stone staircase leading down here.
The troll bites you!
* * * LOW HITPOINT WARNING * * *
The troll misses you. The troll claws you.
* * * LOW HITPOINT WARNING * * *
The orc misses you. The orc warrior closely misses you.
The orc completely misses you.
You climb downwards.
The adder skeleton completely misses you.
There is a stone staircase leading up, spattered with blood here.
The troll bites you.
* * * LOW HITPOINT WARNING * * *
The troll claws you.
You die...

#..[....#
#.......#
#.....o.#
#...#...#
#...#...#
#...#...#
#.......####
#..........#
#.@To......#
#......#
#.Zo######.#
#...######.#
#......o...#
#..........####
#.......o......
#...###o...o...
#...###....o...


You could see a troll, an orc warrior, 2 orcs and an adder skeleton.

Vanquished Creatures
  The ghost of pokeman the Thaumaturge, a novice DEWz of Vehumet (D:8)
  2 hornets (D:8)
  2 hippogriffs
  3 hungry ghosts
  2 water moccasins (D:8)
  Duvessa (D:5)
  3 ice beasts
  2 sky beasts
  2 ogres
  A wolf (D:5)
  3 centaurs (D:6)
  A crocodile (D:8)
  A gnoll sergeant (D:8)
  3 bullfrogs
  A scorpion (D:7)
  Dowan (D:5)
  A water moccasin skeleton (D:7)
  16 wights
  A howler monkey (D:5)
  4 crimson imps
  A centaur zombie (D:7)
  A quasit (D:6)
  2 hounds
  A jelly (D:6)
  An orc priest (D:8)
  A gnoll shaman (D:8)
  2 bullfrog skeletons
  A centaur skeleton (D:6)
  Terence (D:3)
  2 iguanas
  6 orc wizards
  A hell rat (D:5)
  4 worker ants
  A hound zombie (D:6)
  19 gnolls
  14 adders
  7 river rats
  2 oozes
  An adder zombie (D:7)
  4 adder skeletons
  4 worms
  A dart slug (D:1)
  7 leopard geckos
  28 orcs
  4 ball pythons
  4 giant cockroaches
  7 goblins
  5 hobgoblins
  16 jackals
  15 kobolds
  3 quokkas
  8 bats
  14 frilled lizards
  2 jackal skeletons
  A leopard gecko skeleton (D:4)
  A quokka skeleton (D:4)
  24 rats
267 creatures vanquished.

Vanquished Creatures (others)
  5 toadstools (D:8)
5 creatures vanquished.

Grand Total: 272 creatures vanquished

Notes
Turn   | Place    | Note
-------+----------+-------------------------------------------
     0 | D:1      | melloss the Spriggan Enchanter began the quest for the Orb.
     0 | D:1      | Reached XP level 1. HP: 9/9 MP: 5/5
   277 | D:1      | Reached XP level 2. HP: 12/13 MP: 6/6
   280 | D:1      | Reached skill level 5 in Stealth
   323 | D:1      | Learned a level 2 spell: Ensorcelled Hibernation
   885 | D:1      | Reached XP level 3. HP: 16/16 MP: 8/8
  1627 | D:2      | Found a shimmering blue altar of Sif Muna.
  1965 | D:2      | Reached XP level 4. HP: 16/21 MP: 6/9
  2545 | D:3      | Reached XP level 5. HP: 24/24 MP: 10/10
  2744 | D:3      | Noticed Terence
  2916 | D:3      | Killed Terence
  3488 | D:4      | Found a glowing drain.
  3568 | Sewer    | Entered a sewer
  4642 | D:4      | Reached XP level 6. HP: 28/28 MP: 11/11
  4807 | D:4      | Reached skill level 1 in Ice Magic
  5120 | D:4      | Found Pysaxkiu's Distillery.
  5211 | D:4      | Reached skill level 2 in Ice Magic
  5747 | D:4      | Found a hide-covered altar of Uskayaw.
  5749 | D:4      | Found a blossoming altar of Fedhas.
  5894 | D:5      | Entered Level 5 of the Dungeon
  5925 | D:5      | Noticed Dowan
  5925 | D:5      | Noticed an ice beast
  5936 | D:5      | Noticed Duvessa
  6036 | D:5      | Found a burning altar of Makhleb.
  6046 | D:5      | Became a worshipper of Makhleb the Destroyer
  6080 | D:5      | Reached skill level 5 in Short Blades
  6150 | D:5      | Killed Dowan
  6402 | D:5      | Found a staircase to the Ecumenical Temple.
  6664 | D:5      | Killed Duvessa
  6664 | D:5      | Reached skill level 3 in Ice Magic
  6664 | D:5      | Reached XP level 7. HP: 32/32 MP: 9/12
  6693 | Temple   | Entered the Ecumenical Temple
  7036 | D:5      | Reached skill level 4 in Ice Magic
  7262 | D:5      | Found the +2 ratskin cloak {+Rats rPois rN+ Str-1 Int-1
                  | Dex+1}
  7352 | D:5      | Reached * piety under Makhleb
  7970 | D:5      | Reached skill level 5 in Ice Magic
  8005 | D:6      | Found a stormy altar of Qazlal.
  8036 | D:6      | Reached XP level 8. HP: 36/36 MP: 8/13
  8296 | D:5      | Reached skill level 6 in Ice Magic
  8755 | D:7      | Reached skill level 7 in Ice Magic
  9066 | D:6      | Reached skill level 8 in Ice Magic
  9368 | D:6      | Reached ** piety under Makhleb
  9734 | D:6      | Reached XP level 9. HP: 39/39 MP: 14/14
 10392 | D:7      | Reached skill level 9 in Ice Magic
 10826 | D:8      | Found a runed translucent gate.
 10826 | D:8      | Found a runed translucent gate.
 10826 | D:8      | Found an opulent altar of Gozag.
 10827 | D:8      | Found a runed translucent gate.
 10909 | D:9      | Noticed Maggie
 10909 | D:9      | Noticed Maurice
 11908 | D:8      | Reached skill level 5 in Hexes
 11956 | D:8      | Reached skill level 5 in Dodging
 11960 | D:8      | Reached *** piety under Makhleb
 12118 | D:8      | Got a distressingly furry helmet
 12123 | D:8      | Identified the +2 helmet of the Wilderness {rF+ rC+ Slay+2}
                  | (You found it on level 8 of the Dungeon)
 12166 | D:8      | Reached XP level 10. HP: 44/44 MP: 14/17
 12782 | D:8      | Noticed pokeman's ghost (novice DEWz)
 12820 | D:8      | Learned a level 3 spell: Confusing Touch
 13004 | D:8      | Paralysed by a hornet for 3 turns
 13358 | D:8      | Killed pokeman's ghost
 14778 | D:9      | Identified the +2 leather armour "Ypuil" {+Fly Str+4 Int+4}
 14806 | D:9      | HP: 1/44 [troll (14)]
 15261 | D:9      | HP: 1/44 [troll (5)]
 15261 | D:9      | Slain by a troll

Illustrated notes

Levels and vault maps discovered:
D:1:      kennysheep_arrival_forest, layout_loops_ring
D:2:      layout_basic, lemuel_blue_sif_altar
D:3:      layout_basic, first_ration, kennysheep_generic_room_11, uniq_terence
D:4:      layout_loops_corners, nicolae_overflow_hidden_temple,
          cheibrodos_sewer_entry_sluice, serial_shops, shop
D:5:      wander_guarded_unrand_ratskin, layout_basic,
          minmay_temple_entry_slanted, basic_altar, uniq_duvessa
D:6:      layout_loops_ring, nicolae_qazlal_eye_of_the_storm
D:7:      layout_basic, grunt_ogre_cave, kennysheep_generic_room_2
D:8:      layout_basic, ebering_ghost_gozag, minmay_gold_behind_fungi
D:9:      layout_stronghold, okawaru_altar_gauntlet_db, serial_shops,
          nicolae_shop_behind_doors, uniq_maggie, uniq_maurice
Temple:   eino_narrow_crystal_temple

Skill      XL: |  1  2  3  4  5  6  7  8  9 10 |
---------------+-------------------------------+-----
Stealth        | 5 6 7 8 |  8.0
Short Blades   | 2 3 4 5 |  5.0
Ice Magic      | 3 5 8 9 |  9.6
Spellcasting   | 4 |  4.3
Hexes          | 6 8 |  8.3
Dodging        | 5 7 |  7.2

Action                   |  1- 3 |  4- 6 |  7- 9 | 10-12 || total
-------------------------+-------+-------+-------+-------++-------
Melee: Dagger            |   168 |   262 |   544 |   164 ||  1138
Throw: Dart              |       |    11 |    16 |     1 ||    28
 Cast: Corona            |     1 |       |       |       ||     1
       Ensorcelled Hiber |    20 |    72 |    91 |    16 ||   199
       Confusing Touch   |       |       |       |     1 ||     1
Evoke: Wand              |       |       |    21 |    28 ||    49
  Use: Potion            |       |     1 |    10 |       ||    11
       Scroll            |       |     2 |     6 |    10 ||    18
 Stab: Sleeping          |    18 |    54 |    75 |    10 ||   157
       Distracted        |       |     1 |     1 |     1 ||     3
       Paralysed         |       |       |     4 |       ||     4
       Confused          |       |       |     2 |       ||     2
  Eat: Ration            |       |     5 |     7 |     3 ||    15
Armor: Robe              |    15 |    26 |   106 |    28 ||   175
       Skin              |       |       |    67 |       ||    67
Dodge: Dodged            |   147 |   188 |   399 |   168 ||   902
